 Dungeon Crawl Stone Soup version 0.30.0-30-g96aa6591b8 (webtiles) character file.

Game seed: 1057324966654139025

1941 Pepete the Cleaver (level 9, -1/4 (69) HPs)
             Began as a Formicid Fighter on June 28, 2023.
             Was an Initiate of Gozag.
             Slain by a phantom (5 damage)
             ... on level 7 of the Dungeon.
             The game lasted 00:13:54 (6118 turns).

Pepete the Cleaver (Formicid Fighter)               Turns: 6118, Time: 00:13:54

HP:   -1/4 (69)     AC: 12    Str: 32    XL:     9   Next: 41%
MP:   9/9           EV: 10    Int:  7    God:    Gozag
Gold: 88            SH: 12    Dex: 13    Spells: 8/8 levels left

rFire   . . .        a - +0 war axe (flame)
rCold   . . .        c - +1 buckler
rNeg    . . .        b - +0 scale mail
rPois   .            (helmet unavailable)
rElec   .            k - +1 cloak {rCorr}
rCorr   +            (no gloves)
SInv    +            (no boots)
Will    .....        d - amulet of reflection Stlth
                     r - +4 ring of slaying
HPRegen 0.20/turn    m - +6 ring of strength
MPRegen 0.11/turn

%: reflection
@: extremely drained
A: permanent stasis, dig shafts and tunnels, antennae 3, four strong arms,
iridescent scales 1, high MP 1
a: Dig, Shaft Self, Renounce Religion, Potion Petition, Call Merchant, Bribe
Branch


You were on level 7 of the Dungeon.
You worshipped Gozag.
Gozag was noncommittal.
You visited 2 branches of the dungeon, and saw 8 of its levels.

You collected 359 gold pieces.
You spent 165 gold pieces at shops.
You paid 106 gold pieces to Gozag.

Inventory:

Hand Weapons
 a - a +0 war axe of flaming (weapon)
 j - a +2 great sword
 o - a +0 giant spiked club
Armour
 b - a +0 scale mail (worn)
 c - a +1 buckler (worn)
 k - a +1 cloak of preservation (worn)
Jewellery
 d - an amulet of reflection (around neck)
 e - a +5 ring of evasion
 m - a +6 ring of strength (right hand)
 r - a +4 ring of slaying (left hand)
 s - a +4 ring of protection
Wands
 x - a wand of flame (13)
Scrolls
 g - a scroll of enchant armour
 h - 10 scrolls of identify
 i - 2 scrolls of amnesia
 l - a scroll of blinking
 p - a scroll of enchant weapon {unknown}
 q - 5 scrolls of teleportation
 v - a scroll of immolation {unknown}
 w - a scroll of magic mapping {unknown}
Potions
 f - 4 potions of invisibility
 n - 6 potions of curing
 t - a potion of heal wounds
 u - a potion of might


   Skills:
 * Level 6.0 Fighting
 * Level 8.0 Axes
 * Level 6.7 Armour
 + Level 1.7 Dodging
 * Level 7.1 Shields


You had 8 spell levels left.
You didn't know any spells.
Your spell library contained the following spells:

 Spells                   Type           Power      Damage    Failure   Level
 Lesser Beckoning         Tloc           0%         N/A       83%         2
 Gell's Gravitas          Tloc           0%         N/A       96%         3
 Teleport Other           Tloc           0%         N/A       96%         3


Dungeon Overview and Level Annotations

Branches:
Dungeon (7/15)             Temple (1/1) D:5

Altars:
Ashenzari
Cheibriados
Elyvilon
Fedhas
Gozag
Hepliaklqana
Kikubaaqudgha
Makhleb
Okawaru
Qazlal
Ru
Sif Muna
Trog
Uskayaw
Vehumet
Wu Jian
Xom
The Shining One

Shops:
D:5 ?!:   D:7 :

Annotations:
D:3 3 runed translucent doors, bzaaaaa's ghost, weakling DEEE; croobank's ghost, weakling OpFE; nroviw's ghost, weakling DsFE
D:7 1 runed translucent door


Innate Abilities, Weirdness & Mutations

You cannot be hasted, slowed, berserked, paralysed or teleported.
You can dig through walls and to a lower floor.
You have a pair of large antennae on your head. (SInv)
Your four strong arms can wield two-handed weapons with a shield.
You are partially covered in iridescent scales. (AC +2)
You have an increased reservoir of magic. (+10% MP)


Message History

Found an escape hatch in the ceiling.
There is an escape hatch in the ceiling here.
p - a scroll labelled XELICR KIZACW A shadow imp comes into view.
The shadow imp shouts!
A shadow imp is nearby!
You block the shadow imp's attack.
You slice the shadow imp!! You burn the shadow imp.
You kill the shadow imp!
No target in view!
No target in view!
No target in view!
No target in view!
You now have 72 gold pieces (gained 8).
You now have 88 gold pieces (gained 16).
Found a ring mail.
h - 9 scrolls of identify (gained 1)
Found a stone staircase leading down.
No target in view!
There is a stone staircase leading down here.
h - 10 scrolls of identify (gained 1)
Found a stone staircase leading up.
There is a stone staircase leading up here.
You sense a monster nearby.
No target in view!
A phantom comes into view.
A phantom is nearby!
A phantom is nearby!
A phantom is nearby!
You miss the phantom. You block the phantom's attack.
A phantom is nearby!
You barely miss the phantom.
The phantom hits you but does no damage.
A phantom is nearby!
You slash the phantom! You burn the phantom.
The phantom is severely damaged.
The phantom hits you.
Ouch! That really hurt!
You die...
Your body crumbles into a pile of gold.

##.#.#
...#.#######
......
............ .....
......#.#### ....
.###....# ...
####.#.## ## ..
.......# .#.
####...# #W##
####...# #@.#
.......# #.#.#
#####..#########.#
# # #............#
# #.############ #
#.# # #.# # #.#
#####.#


You could see a phantom.

Vanquished Creatures
  Prince Ribbit (D:6)
  Eustachio (D:3)
  3 black bears (D:5)
  An ice beast (D:6)
  4 ogres
  2 scorpions
  5 wights (D:4)
  A howler monkey (D:5)
  A jelly (D:5)
  2 hounds
  An orc priest (D:6)
  6 iguanas
  An orc wizard (D:6)
  A gnoll (D:1)
  5 adders
  2 shadow imps
  3 worms
  7 dart slugs
  11 orcs
  8 bats
  6 endoplasms
  6 giant cockroaches
  12 hobgoblins
  7 kobolds
  2 quokkas
  13 ball pythons
  5 frilled lizards
  3 goblins
  3 rats (D:1)
123 creatures vanquished.

Notes
Turn   | Place    | Note
-------+----------+-------------------------------------------
     0 | D:1      | Pepete the Formicid Fighter began the quest for the Orb.
     0 | D:1      | Reached XP level 1. HP: 18/18 MP: 1/1
    74 | D:1      | Reached XP level 2. HP: 24/24 MP: 2/2
   319 | D:1      | Reached XP level 3. HP: 30/30 MP: 3/3
  1047 | D:2      | Reached XP level 4. HP: 37/37 MP: 4/4
  1221 | D:2      | Found a sacrificial altar of Ru.
  1275 | D:2      | Reached skill level 3 in Axes
  1621 | D:3      | Reached XP level 5. HP: 38/42 MP: 5/5
  1649 | D:3      | Found a runed translucent gate.
  1649 | D:3      | Found a runed translucent gate.
  1649 | D:3      | Found a runed translucent gate.
  1656 | D:3      | Noticed nroviw's ghost (weakling DsFE)
  1656 | D:3      | Noticed bzaaaaa's ghost (weakling DEEE)
  1656 | D:3      | Noticed croobank's ghost (weakling OpFE)
  2167 | D:4      | Noticed Eustachio
  2586 | D:3      | Killed Eustachio
  2587 | D:3      | Reached skill level 4 in Axes
  2587 | D:3      | Reached skill level 5 in Shields
  2587 | D:3      | Reached XP level 6. HP: 24/49 MP: 6/6
  3501 | D:4      | Reached skill level 1 in Dodging
  3501 | D:4      | Reached XP level 7. HP: 21/55 MP: 7/7
  3504 | D:4      | Reached skill level 5 in Armour
  3835 | D:4      | Reached skill level 5 in Axes
  3863 | D:4      | Reached skill level 5 in Fighting
  3991 | D:4      | Reached XP level 8. HP: 62/62 MP: 8/8
  4025 | D:4      | Identified the staff of air "Ihuh Koi" {rElec rF+ rC+ Str-4
                  | SInv}
  4065 | D:5      | Entered Level 5 of the Dungeon
  4106 | D:5      | Reached skill level 6 in Axes
  4170 | D:5      | Found a staircase to the Ecumenical Temple.
  4213 | Temple   | Entered the Ecumenical Temple
  4390 | Temple   | Became a worshipper of Warmaster Okawaru
  4434 | D:5      | Found Cier's Book Boutique.
  4436 | D:5      | Found Kusm's Distillery.
  4438 | D:5      | Found Lerih's Magic Scroll Boutique.
  4447 | D:5      | Bought a potion of curing for 33 gold pieces
  4447 | D:5      | Bought a potion of heal wounds for 55 gold pieces
  4447 | D:5      | Bought a potion of curing for 33 gold pieces
  4447 | D:5      | Bought a potion of might for 44 gold pieces
  4448 | D:5      | Found a burning altar of Makhleb.
  4565 | D:5      | Found a hide-covered altar of Uskayaw.
  4586 | D:5      | Reached skill level 7 in Axes
  4638 | D:5      | Found an ancient bone altar of Kikubaaqudgha.
  4767 | D:6      | Reached XP level 9. HP: 69/69 MP: 9/9
  4803 | D:6      | Identified the +0 quarterstaff of Ramitial {heavy, Fragile
                  | rElec rF++ Dex+2}
  4968 | D:6      | Noticed Prince Ribbit
  4977 | D:6      | Killed Prince Ribbit
  4977 | D:6      | Reached * piety under Okawaru
  5017 | D:6      | Found an opulent altar of Gozag.
  5157 | D:6      | Reached skill level 8 in Axes
  5446 | D:6      | Fell from the grace of Okawaru
  5446 | D:6      | Became a worshipper of Gozag Ym Sagoz the Greedy
  5863 | D:6      | Gained mutation: You are partially covered in iridescent
                  | scales. (AC +2) [potion of mutation]
  5863 | D:6      | Gained mutation: You have an increased reservoir of magic.
                  | (+10% MP) [potion of mutation]
  5893 | D:7      | Found a runed translucent door.
  5893 | D:7      | Noticed a sixfirhy
  5906 | D:7      | Found Piocwew's Book Emporium.
  6118 | D:7      | Slain by a phantom

Illustrated notes

Levels and vault maps discovered:
D:1:      heliophobic_arrival_glass_houses, layout_basic,
          chequers_serial_rivers_small_3, skrybe_limestone_x, st_stairs_2
D:2:      layout_rooms, basic_altar, ebering_dispersal_statue_hall
D:3:      layout_basic, gammafunk_ghost_cemetery
D:4:      layout_rooms, kennysheep_generic_room_15, uniq_eustachio
D:5:      layout_gridville, mainiacjoe_overflow_alcove_4,
          nicolae_uskayaw_murder_on_the_dancefloor, mainiacjoe_overflow_catwalk,
          minmay_temple_entry_tees, glass_columns_c,
          nicolae_shop_distant_corner_stores
D:6:      layout_basic, nicolae_gozag_cash_rules_everything_around_me,
          grunt_decor_one_mirror, water_boxes_lemuel, uniq_prince_ribbit1
D:7:      cheibrodos_shockbox, layout_loops_ring,
          gammafunk_temple_overflow_pools, serial_shops, shop, uniq_maggie
Temple:   eino_narrow_crystal_temple

Skill      XL: |  1  2  3  4  5  6  7  8  9 |
---------------+----------------------------+-----
Fighting       | 4 5 6 |  6.0
Axes           | 3 4 5 7 8 |  8.0
Armour         | 4 5 6 |  6.7
Shields        | 5 6 7 |  7.1
Dodging        | 1 |  1.7

Action                     |  1- 3 |  4- 6 |  7- 9 || total
---------------------------+-------+-------+-------++-------
  Melee: War axe           |    74 |   144 |    93 ||   311
Ability: Dig               |       |       |     4 ||     4
    Use: Scroll            |       |     7 |     1 ||     8
         Potion            |       |     6 |     1 ||     7
   Stab: Invisible         |       |     1 |     1 ||     2
 Armour: Scale mail        |    32 |    61 |    27 ||   120
         Skin              |       |     1 |       ||     1
  Dodge: Dodged            |    30 |   125 |    23 ||   178
  Block: Buckler           |    16 |    53 |    47 ||   116
